Map: Ice and Chrome LE

Players

Iceweaver - Winner!

  • Race: Zerg Zerg
  • League: Silver
  • Spawn Location: 7:00

ThatVMike

  • Race: Zerg Zerg
  • League: Gold
  • Spawn Location: 1:00

VOD

Have the link to the VOD?

Description

Time

  • Played on: June 18, 2020, 8:57 a.m.
  • Length: 13:11
Show
View Real Time Build Order
Export as new Build Order

Iceweaver Zerg - Winner!

Build Orders: Hatch First 

Get SALT Encoding   

  12  0:01  Drone  
  13  0:13  Overlord  
  13  0:18  Drone  
  14  0:32  Drone x2  
  16  0:39  Drone  
  17  0:54  Hatchery  
  16  0:58  Drone, Extractor  
  17  1:04  Drone  
  17  1:10  Drone  
  18  1:19  Spawning Pool  
  18  1:24  Drone  
  18  1:30  Drone  
  19  1:41  Drone  
  20  1:52  Drone  
  21  2:05  Extractor  
  21  2:06  Queen x2  
  24  2:09  Drone  
  24  2:12  Drone x2  
  27  2:17  Metabolic Boost  
  27  2:20  Drone  
  28  2:25  Overlord  
  28  2:49  Zergling x8  
  32  2:58  Drone  
  33  3:06  Overlord  
  33  3:24  Queen  
  35  3:40  Drone  
  35  3:41  Overlord x2  
  36  4:01  Drone x4  
  36  4:02  Drone x2  
  44  4:03  Drone x6  
  46  4:22  Lair  
  44  4:34  Drone x2  
  46  4:44  Hatchery  
  45  4:52  Drone x3, Extractor  
  48  5:07  Zergling x8  
  51  5:27  Drone  
  51  5:28  Spire  
  51  5:30  Spire  
  51  5:31  Overlord x3  
  50  5:55  Zergling x18  
  50  5:56  Queen  
  55  5:57  Drone  
  56  6:09  Drone  
  56  6:10  Extractor  
  56  6:24  Zergling x2  
  56  6:25  Zergling x12  
  59  6:36  Zergling x4  
  53  7:02  Zerg Flyer Armor Level 1, Zerg Flyer Weapons Level 1  
  53  7:04  Mutalisk  
  53  7:05  Mutalisk x7  
  69  7:18  Drone x2  
  69  7:19  Drone  
  69  7:22  Hatchery  
  71  7:23  Zergling x2  
  71  7:24  Zergling x8  
  74  7:53  Drone x2  
  74  7:56  Overlord x4  
  70  8:17  Overseer  
  70  8:24  Queen  
  72  8:28  Mutalisk  
  72  8:29  Mutalisk x5  
  72  8:32  Hatchery  
  83  8:43  Queen  
  83  8:44  Drone  
  86  8:48  Drone  
  86  8:49  Drone x2  
  81  8:59  Zergling x10  
  81  9:00  Zergling x4  
  56  9:28  Drone x3, Queen  
  57  9:34  Drone x3  
  54  9:48  Drone x3  
  54  9:50  Mutalisk x3  
  63  10:05  Mutalisk  
  63  10:06  Mutalisk x2  
  69  10:14  Drone  
  69  10:17  Drone  
  69  10:21  Queen  
  73  10:22  Drone x3  
  73  10:27  Drone  
  73  10:28  Drone x3  
  80  10:45  Drone x4  
  80  10:46  Drone x9  
  93  10:53  Mutalisk x3  
  81  11:21  Zergling x2  
  81  11:22  Zergling x20  
  82  11:34  Drone  
  82  11:37  Drone x2  
  82  11:38  Drone x2  
  87  11:54  Drone  
  87  11:58  Mutalisk  
  87  11:59  Mutalisk x3  
  96  12:04  Drone  
  96  12:05  Drone x5  
  96  12:08  Extractor  
  101  12:09  Extractor  
  101  12:11  Extractor  
  101  12:12  Extractor  
  96  12:34  Mutalisk x2  
  90  12:57  Drone x2  
  90  12:58  Drone x2  
Show
View Real Time Build Order
Export as new Build Order

ThatVMike Zerg 

Build Orders: Hatch First 

Get SALT Encoding   

  12  0:02  Drone  
  13  0:13  Overlord  
  13  0:17  Drone  
  14  0:31  Drone  
  14  0:32  Drone  
  16  0:40  Drone  
  17  0:47  Drone  
  18  0:57  Hatchery  
  18  1:00  Drone  
  18  1:11  Extractor  
  17  1:12  Drone  
  18  1:22  Spawning Pool  
  18  1:23  Drone  
  18  1:29  Overlord  
  18  1:39  Drone  
  19  1:52  Drone  
  20  2:01  Drone  
  21  2:09  Queen  
  21  2:10  Zergling x2  
  21  2:11  Queen  
  26  2:17  Zergling x2  
  26  2:20  Zergling x2  
  28  2:27  Evolution Chamber  
  27  2:34  Baneling Nest  
  26  2:55  Drone x2  
  26  2:56  Drone  
  29  3:11  Metabolic Boost  
  29  3:13  Lair  
  29  3:30  Zergling x4  
  29  3:31  Zergling x4  
  29  3:32  Hatchery  
  31  3:47  Spore Crawler  
  28  3:53  Overlord  
  28  3:57  Spore Crawler  
  24  4:16  Zergling x6  
  27  4:21  Drone x2  
  27  4:23  Centrifical Hooks  
  27  4:24  Roach Warren, Extractor  
  28  4:28  Drone  
  28  4:29  Drone x2  
  30  4:38  Queen  
  32  4:49  Zergling x2  
  32  4:50  Zergling x4  
  35  4:58  Zergling x6  
  38  5:02  Zergling x4  
  38  5:05  Zergling x2  
  41  5:08  Overlord  
  41  5:09  Overlord  
  41  5:20  Baneling  
  41  5:24  Baneling x2  
  41  5:25  Baneling  
  41  5:31  Zergling x2  
  41  5:32  Roach x2, Zergling x2  
  41  5:33  Roach  
  41  5:34  Zergling x2  
  50  5:56  Zergling x2  
  50  5:57  Zergling x6  
  49  6:01  Roach x2, Zergling x4  
  56  6:06  Zergling x2  
  50  6:43  Roach x2, Zergling x8  
  50  6:44  Overlord  
  58  6:53  Zergling x4  
  56  7:01  Overseer  
  50  7:03  Overseer, Zergling x4  
  50  7:05  Roach  
  50  7:06  Roach x2  
  50  7:07  Overlord  
  58  7:15  Extractor  
  58  7:16  Drone x3  
  58  7:18  Extractor  
  59  7:31  Baneling  
  59  7:32  Baneling x4  
  55  7:54  Spore Crawler  
  55  7:56  Spore Crawler  
  43  8:16  Spore Crawler  
  42  8:21  Drone x4  
  42  8:22  Roach x3, Zergling x4, Hydralisk Den  
  53  8:32  Drone  
  54  8:39  Overseer  
  54  8:48  Nydus Network  
  50  9:04  Drone x5  
  50  9:06  Drone  
  52  9:14  Drone x2  
  53  9:22  Spore Crawler  
  47  9:25  Hydralisk  
  46  9:33  Zergling x2  
  46  9:34  Zergling x4  
  46  9:42  Baneling  
  46  9:48  Zergling x2  
  46  9:49  Zergling x4  
  45  9:54  Roach  
  45  9:55  Zergling x6  
  49  10:20  Overlord x4  
  49  10:45  Nydus Canal  
  49  10:50  Roach, Zergling x2  
  49  10:51  Roach x4, Zergling x6  
  56  11:22  Drone  
  56  11:23  Drone x3  
  56  11:30  Zergling x4  
  53  11:36  Hydralisk x2  
  53  11:42  Hatchery  
  52  11:48  Zergling x2  
  52  11:49  Roach  
  55  11:57  Zergling x2  
  55  11:58  Roach  
  54  12:20  Evolution Chamber  
  45  12:25  Hydralisk x4  
  45  12:26  Hatchery  
  48  12:36  Spore Crawler  
  40  12:37  Spore Crawler, Hydralisk x2  
  40  12:43  Drone  
Tags
 
Add a new tag
Caveats
  • Supply blocks, unpowered buildings, or Contaminate may cause inaccurate times.
  • Supply counts are checked every 10 seconds.